Map: Pylon LE

Players

RossTDE - Winner!

  • Race: Terran Terran
  • League: Platinum
  • Spawn Location: 5:00

SubN

  • Race: Zerg Zerg
  • League: Diamond
  • Spawn Location: 11:00

VOD

Have the link to the VOD?

Description

Time

  • Played on: July 30, 2025, 4:21 p.m.
  • Length: 10:23
Show
View Real Time Build Order
Export as new Build Order

RossTDE Terran - Winner!

Build Orders: Reaper Expand 

Get SALT Encoding   

  12  0:00  SCV  
  13  0:12  SCV  
  14  0:18  Supply Depot  
  14  0:24  SCV  
  15  0:40  SCV  
  15  0:41  Barracks  
  16  0:47  Refinery  
  16  0:52  SCV  
  17  1:04  SCV  
  18  1:16  SCV  
  19  1:30  Reaper  
  21  1:34  Orbital Command  
  20  1:40  Command Center  
  20  1:49  Supply Depot  
  20  2:00  SCV  
  21  2:05  Marine  
  22  2:12  Factory  
  22  2:13  Refinery  
  22  2:17  SCV  
  23  2:24  Barracks Reactor  
  23  2:38  SCV  
  23  2:41  Supply Depot  
  24  2:50  SCV  
  24  2:56  Hellion  
  26  2:58  Starport  
  27  3:22  Factory Tech Lab  
  25  3:29  Command Center  
  25  3:32  Barracks Tech Lab  
  25  3:33  Hellion x2  
  29  3:35  Viking  
  31  3:46  Orbital Command  
  31  3:52  Marine  
  32  3:57  Hellion  
  34  4:04  Hellion  
  36  4:16  Stimpack, Marine  
  37  4:26  SCV x2  
  39  4:38  SCV x2  
  41  4:50  SCV x2  
  41  4:51  Bunker, Hellion x2  
  41  4:52  Marine  
  48  4:54  Starport Reactor  
  44  5:10  Marine  
  47  5:21  Hellion x2  
  47  5:22  Armory  
  47  5:24  Barracks  
  47  5:25  Barracks, Engineering Bay  
  47  5:26  SCV  
  48  5:42  Hellion  
  48  5:49  Marine  
  49  5:53  Hellion  
  49  5:57  SCV x2  
  53  5:59  Refinery, Medivac x2  
  53  6:02  Terran Infantry Weapons Level 1  
  53  6:04  Hellion  
  59  6:06  Marine  
  59  6:09  Supply Depot, SCV  
  59  6:10  SCV  
  62  6:15  Orbital Command  
  62  6:21  SCV  
  62  6:22  SCV  
  62  6:24  Marine  
  65  6:36  Hellion x2  
  65  6:38  SCV x2  
  71  6:42  Marine  
  71  6:43  Combat Shield, Barracks Reactor x2  
  72  6:47  Barracks  
  72  6:48  Medivac  
  72  6:50  SCV x2  
  72  6:52  SCV  
  77  6:55  Terran Vehicle Weapons Level 1  
  77  7:00  Barracks  
  77  7:24  Supply Depot  
  77  7:25  Supply Depot x2  
  77  7:39  Marine, Medivac x2  
  77  7:40  SCV x3  
  85  7:46  Widow Mine  
  87  7:52  SCV x3  
  87  7:57  Marine  
  91  8:04  Marine x6, SCV x3  
  100  8:07  Hellion  
  100  8:08  Hellion  
  96  8:15  Supply Depot, Marine  
  96  8:17  Terran Infantry Armor Level 1  
  97  8:22  Marine x6  
  88  8:28  Hellion  
  88  8:33  Marine  
  87  8:39  Marine  
  87  8:40  Marine x3  
  91  8:45  SCV x2, Widow Mine  
  91  8:46  SCV  
  98  8:50  Marine, Widow Mine  
  98  8:55  Barracks Tech Lab  
  99  8:56  Barracks Reactor  
  99  8:57  Marine x3, SCV, Medivac  
  99  8:58  Marine, Factory, Medivac  
  99  9:01  Supply Depot  
  108  9:06  Widow Mine  
  108  9:07  Supply Depot  
  110  9:11  Widow Mine  
  112  9:27  Medivac  
  114  9:35  Marauder x2, Marine x6  
  128  9:38  Widow Mine x2  
  128  9:53  Marine x3  
  133  10:00  Widow Mine  
  133  10:22  Supply Depot  
Show
View Real Time Build Order
Export as new Build Order

SubN Zerg 

Build Orders: Hatch First 

Get SALT Encoding   

  12  0:01  Drone  
  13  0:12  Overlord  
  13  0:19  Drone  
  14  0:30  Drone x2  
  16  0:49  Hatchery  
  15  0:51  Drone  
  15  0:54  Drone  
  17  0:58  Drone  
  18  1:05  Extractor  
  17  1:13  Spawning Pool  
  17  1:16  Drone  
  17  1:20  Drone  
  18  1:27  Drone  
  19  2:01  Zergling x2  
  19  2:02  Zergling x6  
  19  2:03  Queen x2  
  27  2:13  Metabolic Boost  
  27  2:14  Overlord  
  26  2:52  Queen  
  26  2:53  Pneumatized Carapace  
  26  2:57  Drone x5  
  33  3:13  Drone x3  
  36  3:34  Hatchery  
  36  3:36  Overlord  
  35  3:45  Drone  
  36  3:54  Queen  
  37  4:03  Zergling x4  
  37  4:04  Zergling x10  
  44  4:20  Lair  
  44  4:23  Overlord x3  
  44  4:50  Queen  
  42  5:13  Zergling x6  
  42  5:14  Zergling x2  
  41  5:22  Drone x9  
  50  5:37  Overlord x2  
  50  5:43  Extractor  
  50  5:48  Roach Warren  
  48  5:51  Overlord  
  48  5:52  Evolution Chamber  
  48  5:53  Evolution Chamber  
  48  5:54  Drone  
  48  5:56  Drone x3  
  50  5:57  Extractor  
  50  5:59  Drone x2  
  51  6:08  Drone x3  
  51  6:09  Drone  
  51  6:10  Zergling x8  
  59  6:19  Zerg Melee Weapons Level 1  
  59  6:25  Overlord  
  59  6:26  Overlord x2  
  59  6:28  Zergling x12  
  59  6:30  Glial Reconstitution, Zerg Ground Armor Level 1  
  65  6:35  Baneling Nest, Spore Crawler  
  63  6:41  Drone  
  63  6:42  Drone x2  
  63  6:45  Drone x4  
  70  6:50  Queen  
  70  6:52  Drone x4  
  76  7:05  Overseer  
  76  7:10  Drone  
  76  7:12  Drone x3, Extractor  
  76  7:15  Drone x7  
  86  7:29  Centrifugal Hooks  
  87  7:37  Zergling x8  
  87  7:41  Baneling x14  
  87  7:42  Baneling x4  
  87  7:53  Zergling x4  
  71  8:28  Zergling x10  
  76  8:58  Hatchery  
  75  9:04  Spore Crawler  
  75  9:07  Hatchery  
  73  9:21  Zergling x6  
  76  9:24  Baneling  
  76  9:25  Overlord, Baneling x9  
  76  9:26  Overlord x4  
  76  9:44  Baneling x6  
  76  9:58  Zergling x12  
  76  9:59  Zergling x16  
Tags
 
Add a new tag
Caveats
  • Supply blocks, unpowered buildings, or Contaminate may cause inaccurate times.
  • Supply counts are checked every 10 seconds.